 Dungeon Crawl Stone Soup version 0.28.0-47-ge53b351184 (webtiles) character file.

Game seed: 6155001578072040873

249 NinjaNoafa the Chopper (level 6, 0/56 HPs)
             Began as a Hill Orc Monk on Apr 27, 2022.
             Slain by Ijyb
             ... wielding a +0 club
              (7 damage)
             ... on level 4 of the Dungeon.
             The game lasted 00:08:02 (2841 turns).

NinjaNoafa the Chopper (Hill Orc Monk)              Turns: 2841, Time: 00:08:03

Health: 0/56       AC: 17    Str: 16    XL:     6   Next: 12%
Magic:  6/6        EV:  7    Int: 10    God:
Gold:   131        SH:  0    Dex: 13    Spells: 5/5 levels left

rFire   . . .      SeeInvis .   a - +0 hand axe
rCold   + . .      Faith    .   (no shield)
rNeg    . . .      Spirit   .   f - +0 chain mail
rPois   .          Reflect  .   j - +0 helmet
rElec   .          Harm     .   m - +2 cloak
rCorr   .          Rampage  .   (no gloves)
Will    .....                   (no boots)
Stlth   ..........              (no amulet)
HPRegen 0.18/turn               d - +4 ring of protection
MPRegen 0.10/turn               c - ring of protection from cold

@: on berserk cooldown, slowed, very slow
A: no striking features
a: no special abilities


You were on level 4 of the Dungeon.
You visited 1 branch of the dungeon, and saw 4 of its levels.

You collected 131 gold pieces.

Inventory:

Hand Weapons
 a - a +0 hand axe (weapon)
Missiles
 b - a poisoned dart (quivered)
Armour
 f - a +0 chain mail (worn)
 j - a +0 helmet (worn)
 m - a +2 cloak (worn)
Jewellery
 c - a ring of protection from cold (right hand)
 d - a +4 ring of protection (left hand)


   Skills:
 + Level 5.1 Fighting
 + Level 5.6 Axes
 * Level 4.2 Armour
 - Level 2.4 Dodging
 - Level 1.5 Stealth


You had 5 spell levels left.
You didn't know any spells.
Your spell library contained the following spells:

 Spells                   Type           Power      Damage    Failure   Level
 Animate Skeleton         Necr           0%         N/A       99%         1
 Apportation              Tloc           0%         N/A       99%         1
 Summon Small Mammal      Summ           0%         N/A       99%         1
 Ozocubu's Armour         Ice            0%         N/A       100%        3
 Swiftness                Air            0%         N/A       100%        3
 Airstrike                Air            0%         N/A       100%        4
 Animate Armour           Summ/Erth      0%         N/A       100%        4
 Ozocubu's Refrigeration  Ice            0%         4d5       100%        7
 Shatter                  Erth           0%         3d5*      100%        9


Dungeon Overview and Level Annotations

Branches:
Dungeon (4/15)
 Temple: D:4-7

Altars:

Annotations:
D:4 Ijyb


Message History

You closely miss Ijyb. Ijyb hits you with a +0 club.
You hit Ijyb.
Ijyb is moderately wounded.
Ijyb hits you but does no damage. x2
You barely miss Ijyb.
Ijyb is moderately wounded.
Ijyb hits you with a +0 club.
You hit Ijyb but do no damage.
Ijyb is moderately wounded.
Ijyb hits you but does no damage. Ijyb hits you with a +0 club.
You closely miss Ijyb.
Ijyb is moderately wounded.
Ijyb hits you but does no damage.
You aren't carrying any scrolls.
Throw: dart (datura)
Press: ? - help, Q - select action, (/) - cycle Shift-Dir - straight line, f - Ijyb
Aim: Ijyb, wielding a +0 club, wearing a +0 scale mail and carrying a wand of digging (1) (moderately wounded, 55% to hit, chance to frenzy on hit: 80%)
You throw a datura-tipped dart. The datura-tipped dart hits Ijyb.
Ijyb flies into a frenzy!
Ijyb is moderately wounded.
Ijyb barely misses you. Ijyb hits you with a +0 club!
Throw: 2 darts (poison)
Press: ? - help, Q - select action Shift-Dir - straight line, f/p - Ijyb
Aim: Ijyb, wielding a +0 club, wearing a +0 scale mail and carrying a wand of digging (1) (moderately wounded, fast, strong, frenzied and insane, 55% to hit)
You throw a poisoned dart. The poisoned dart hits Ijyb.
Ijyb is poisoned.
Ijyb is moderately wounded.
Ijyb barely misses you. Ijyb closely misses you. Ijyb hits you with a +0 club.
* * * LOW HITPOINT WARNING * * *
Ijyb hits you but does no damage. Ijyb hits you but does no damage.
Things that are here:
a +0 club; a gnoll corpse Ijyb hits you with a +0 club.
* * * LOW HITPOINT WARNING * * *
Ijyb hits you with a +0 club!
* * * LOW HITPOINT WARNING * * *
Ijyb looks more healthy.
Ijyb shouts!
Ijyb hits you but does no damage. Ijyb hits you with a +0 club!
You die...

#.............#
#..............
#.............#
#.............#
#............(#
#.............#
#.(...........#
#..........)g)#
#..........@..#
#.
#.............#
#.
#.............#
#.
#.............#
#.
#.............#
#.
#.............#
#.
#.............#
#.
#.............#
#.
#.............#
#.


You could see the neutral Ijyb (fast, strong, insane).

Vanquished Creatures
  A water moccasin skeleton (D:4)
  Robin (D:2)
  4 gnolls (D:4)
  6 adders
  3 worms
  4 dart slugs
  5 orcs (D:3)
  8 ball pythons
  4 bats
  3 endoplasms
  3 giant cockroaches
  18 goblins
  3 hobgoblins
  4 quokkas
  8 kobolds
  5 rats
80 creatures vanquished.

Notes
Turn   | Place    | Note
-------+----------+-------------------------------------------
     0 | D:1      | NinjaNoafa the Hill Orc Monk began the quest for the Orb.
     0 | D:1      | Reached XP level 1. HP: 19/19 MP: 1/1
   276 | D:1      | Reached XP level 2. HP: 27/27 MP: 2/2
   333 | D:1      | Reached skill level 1 in Armour
   844 | D:2      | Noticed Robin
   854 | D:2      | Reached XP level 3. HP: 30/33 MP: 3/3
  1097 | D:2      | Reached XP level 4. HP: 27/40 MP: 4/4
  1102 | D:2      | Killed Robin
  1845 | D:3      | Reached skill level 5 in Axes
  1915 | D:3      | Reached XP level 5. HP: 47/47 MP: 5/5
  2319 | D:3      | Got the Guide on Clay and Feathers
  2818 | D:4      | Reached skill level 5 in Fighting
  2820 | D:4      | Reached XP level 6. HP: 37/56 MP: 6/6
  2823 | D:4      | Noticed Ijyb
  2841 | D:4      | Slain by Ijyb

Illustrated notes

Levels and vault maps discovered:
D:1:      eino_arrival_cavern_a, layout_basic
D:2:      layout_rooms, small_statue_intersection, amethyst_killhole,
          wad_floor_pattern_1, uniq_robin
D:3:      layout_basic
D:4:      layout_gridville, uniq_ijyb, uniq_natasha

Skill      XL: |  1  2  3  4  5 |
---------------+----------------+-----
Armour         | 1 2 3 4 |  4.2
Fighting       | 4 5 |  5.1
Axes           | 5 |  5.6
Dodging        | |  2.4
Stealth        | |  1.5

Action                   |  1- 3 |  4- 6 || total
-------------------------+-------+-------++-------
Melee: Hand axe          |    97 |   150 ||   247
       Punch             |     1 |     2 ||     3
Throw: Dart              |       |     5 ||     5
  Use: Potion            |     4 |     5 ||     9
       Scroll            |     2 |     5 ||     7
Armor: Robe              |     3 |       ||     3
       Chain mail        |    71 |   140 ||   211
Dodge: Dodged            |    41 |    64 ||   105
